 Dungeon Crawl Stone Soup version 0.29.1-4-g47bece8355 (webtiles) character file.

Game seed: 8080742040074545392

11244 fleris the Cleaver (level 11, -5/104 HPs)
             Began as a Minotaur Berserker on Dec 10, 2022.
             Was a High Priest of Trog.
             Slain by Snorg (8 damage)
             ... on level 11 of the Dungeon.
             The game lasted 01:49:39 (11843 turns).

fleris the Cleaver (Minotaur Berserker)            Turns: 11843, Time: 01:49:39

Health: -5/104     AC: 19    Str: 26    XL:     11   Next: 46%
Magic:  10/10      EV:  8    Int:  4    God:    Trog [*****.]
Gold:   485        SH:  0    Dex: 10    Spells: 10/10 levels left

rFire   . . .      SeeInvis +   r - +4 war axe
rCold   . . .      Faith    .   (no shield)
rNeg    . . .      Spirit   .   k - +1 plate armour
rPois   .          Reflect  .   (helmet restricted)
rElec   .          Harm     .   l - +2 cloak
rCorr   .          Rampage  .   (no gloves)
Will    ++...                   (no boots)
Stlth   ..........              j - amulet of regeneration
HPRegen 2.07/turn               f - ring of see invisible
MPRegen 0.12/turn               (no ring)

@: strong-willed, regenerating
A: horns 2, retaliatory headbutt
a: Renounce Religion, Berserk, Trog's Hand, Brothers in Arms


You were on level 11 of the Dungeon.
You worshipped Trog.
Trog was extremely pleased with you.
You visited 2 branches of the dungeon, and saw 12 of its levels.
You also visited: Sewer.

You collected 485 gold pieces.

Inventory:

Hand Weapons
 a - a +3 hand axe of electrocution
 n - a +3 hand axe
 r - a +4 war axe (weapon)
 t - a +3 war axe of freezing
Missiles
 d - a throwing net
 h - 18 stones (quivered)
 o - 16 poisoned darts
 w - a curare-tipped dart
Armour
 i - +0 steam dragon scales
 k - a +1 plate armour (worn)
 l - a +2 cloak (worn)
Jewellery
 f - a ring of see invisible (left hand)
 j - an amulet of regeneration (around neck)
Scrolls
 g - a scroll of blinking
 s - 4 scrolls of teleportation
 u - a scroll of butterflies
Potions
 b - 2 potions of haste
 c - 3 potions of curing
 e - 2 potions of might
 m - a potion of heal wounds {unknown}
 p - 2 potions of resistance
 q - a potion of berserk rage {unknown}
 z - a potion of cancellation {unknown}


   Skills:
 * Level 11.6 Fighting
 + Level 12.5 Axes
 + Level 7.4 Throwing
 + Level 11.3 Armour
 + Level 3.6 Dodging


You had 10 spell levels left.
You didn't know any spells.
Your spell library was empty.

Dungeon Overview and Level Annotations

Branches:
Dungeon (11/15)            Temple (1/1) D:5            Lair (0/5) D:10
    Orc (0/2) D:10          Sewer (visited)

Altars:
Ashenzari
Cheibriados
Dithmenos
Elyvilon
Fedhas
Gozag
Hepliaklqana
Kikubaaqudgha
Makhleb
Nemelex Xobeh
Okawaru
Qazlal
Ru
Sif Muna
Trog
Uskayaw
Vehumet
Wu Jian
Xom
Yredelemnul
Zin
The Shining One

Shops:
D:2 *

Annotations:
D:11 3 runed translucent doors, Snorg; duchin's ghost, journeyman HOGl


Innate Abilities, Weirdness & Mutations

You have a pair of horns on your head.
You reflexively headbutt those who attack you in melee.


Message History

Snorg claws you but does no damage.
You slash Snorg!
Snorg is severely wounded.
You slash the troll! The troll barely misses you. You furiously retaliate!
You headbutt the troll! The troll claws you but does no damage.
The troll claws you! Snorg bites you but does no damage.
Snorg claws you but does no damage. x2
You slash Snorg!
Snorg is severely wounded.
You completely miss the troll. The troll barely misses you.
The troll claws you. The troll claws you but does no damage.
Snorg goes berserk!
You hit Snorg. Your headbutt misses Snorg.
Snorg is severely wounded.
You barely miss the troll. Snorg bites you! Snorg claws you. Snorg claws you!
The troll bites you but does no damage. The troll barely misses you.
The troll claws you.
Your skin crawls.
You feel strong-willed. Snorg bites you! Snorg barely misses you.
Snorg claws you! The troll bites you! The troll claws you but does no damage.
The troll claws you.
* * * LOW HITPOINT WARNING * * *
Snorg bites you but does no damage. Snorg completely misses you.
Snorg barely misses you. The troll attacks as you move away!
The troll bites you.
* * * LOW HITPOINT WARNING * * *
The troll claws you but does no damage. x2
Snorg rages.
Snorg bites you but does no damage. Snorg claws you but does no damage.
Snorg closely misses you. Snorg bites you!
* * * LOW HITPOINT WARNING * * *
Snorg claws you!
* * * LOW HITPOINT WARNING * * *
Snorg claws you.
* * * LOW HITPOINT WARNING * * *
As you read the scroll of butterflies, it crumbles to dust.
You hear the tinkle of a tiny bell.
Snorg bites you but does no damage. Snorg claws you but does no damage.
Snorg claws you!
You die...

#...# #..
#........ #...#
#..# #.....$..
#...# #..#
#........ #...#
#..# #..#
#........ ....#
#..#
#..####........
....# #..#
#..............
....# #..#
#bbbTb.........
....####..#
#bbbTb....^....
.^........#
#..@###........
>.........####bbb#
#........
..............bbb#
#........
...####).[.......#
#........ ...#
#..........#
#........ ...#
#..........#
....... ..)#
#..........# ...#
#..........# ...#
#..>.......#


You could see Snorg (berserk, ally target) and a troll (ally target).

Vanquished Creatures
  A boulder beetle (D:11)
  2 two-headed ogres
  Pikel (D:4)
  An unseen horror (D:8)
  A komodo dragon (D:10)
  A troll (shapeshifter) (D:9)
  2 hornets
  A troll (D:11)
  Sigmund (D:2)
  11 yaks
  6 shadows
  A wyvern (D:9)
  2 wraiths (D:10)
  3 steam dragons
  Menkaure (D:6)
  Duvessa (D:6)
  A sky beast (D:7)
  2 ice beasts (D:8)
  A centaur (D:7)
  3 ogres
  3 kobold brigands
  4 bullfrogs
  A necrophage (D:4)
  5 scorpions
  Dowan (D:6)
  8 wights (D:9)
  A troll zombie (D:10)
  15 killer bees
  3 electric eels
  5 jellies
  4 orc priests
  4 hounds
  4 gnoll boudas
  6 orc wizards
  2 iguanas (D:6)
  5 ogre zombies (D:10)
  20 gnolls
  4 adders
  2 shadow imps
  3 white imps (D:7)
  4 worms
  A dart slug (D:2)
  32 orcs
  9 endoplasms
  3 giant cockroaches
  5 goblins
  10 hobgoblins
  15 jackals
  17 kobolds
  3 quokkas
  5 ball pythons
  7 bats
  2 frilled lizards
  2 goblin skeletons (D:10)
  A goblin zombie (D:10)
  5 hobgoblin zombies (D:10)
  2 orc skeletons (D:10)
  9 orc zombies (D:10)
  7 rats
282 creatures vanquished.

Vanquished Creatures (collateral kills)
  A wight (D:9)
  2 kobolds (D:9)
3 creatures vanquished.

Vanquished Creatures (others)
  21 fungi (D:5)
  15 plants
36 creatures vanquished.

Grand Total: 321 creatures vanquished

Notes
Turn   | Place    | Note
-------+----------+-------------------------------------------
     0 | D:1      | fleris the Minotaur Berserker began the quest for the Orb.
     0 | D:1      | Reached XP level 1. HP: 19/19 MP: 0/0
   150 | D:1      | Reached XP level 2. HP: 27/27 MP: 1/1
   878 | D:2      | Found a faded altar of an unknown god.
   898 | D:2      | Found Kufuplop's Assorted Antiques.
   903 | D:2      | D2 - shop
   920 | D:2      | Reached skill level 4 in Axes
   946 | D:2      | Found a glowing golden altar of the Shining One.
   980 | D:2      | Reached XP level 3. HP: 30/34 MP: 2/2
  1219 | D:2      | Noticed Sigmund
  1858 | D:3      | Reached ** piety under Trog
  1936 | D:3      | Reached XP level 4. HP: 39/41 MP: 3/3
  2173 | D:3      | Reached skill level 5 in Fighting
  2422 | D:3      | Reached XP level 5. HP: 44/48 MP: 4/4
  3191 | D:4      | Noticed Pikel
  3343 | D:2      | Killed Sigmund
  3344 | D:2      | Reached skill level 5 in Axes
  3344 | D:2      | Reached XP level 6. HP: 56/56 MP: 5/5
  3429 | D:4      | Killed Pikel
  3430 | D:4      | Reached skill level 7 in Axes
  3430 | D:4      | Reached skill level 1 in Throwing
  3430 | D:4      | Reached skill level 5 in Armour
  3430 | D:4      | Reached XP level 7. HP: 27/64 MP: 6/6
  3707 | D:4      | Reached *** piety under Trog
  3754 | D:4      | Found a broken altar of Ashenzari.
  3762 | D:4      | Found an ornate altar of the Wu Jian Council.
  4540 | D:5      | Entered Level 5 of the Dungeon
  4665 | D:5      | Reached XP level 8. HP: 71/71 MP: 7/7
  4826 | D:5      | Reached skill level 8 in Axes
  4861 | D:5      | chain mail of fire resistance
  5260 | D:5      | HP: 2/71 [something (6)]
  5845 | D:5      | Found a staircase to the Ecumenical Temple.
  5853 | Temple   | Entered the Ecumenical Temple
  6498 | D:6      | Found a glowing drain.
  6510 | Sewer    | Entered a sewer
  6926 | D:6      | Noticed Menkaure
  6933 | D:6      | Killed Menkaure
  6934 | D:6      | Reached skill level 9 in Axes
  6934 | D:6      | Reached XP level 9. HP: 58/80 MP: 8/8
  7099 | D:6      | Found a stormy altar of Qazlal.
  7144 | D:6      | Noticed Duvessa
  7147 | D:6      | Noticed Dowan
  7152 | D:6      | Killed Duvessa
  7157 | D:6      | Killed Dowan
  7723 | D:7      | Reached **** piety under Trog
  7761 | D:7      | Reached skill level 5 in Throwing
  7827 | D:7      | Found a sacrificial altar of Ru.
  7842 | D:7      | Found an ancient bone altar of Kikubaaqudgha.
  8118 | D:7      | Found a hide-covered altar of Uskayaw.
  8573 | D:7      | Found a hazy altar of Hepliaklqana.
  8763 | D:8      | Paralysed by a hornet for 2 turns
  8958 | D:8      | Reached XP level 10. HP: 89/91 MP: 9/9
  8967 | D:8      | Reached skill level 10 in Axes
  8978 | D:8      | Reached skill level 10 in Armour
  9607 | D:9      | Reached skill level 10 in Fighting
  9788 | D:9      | Reached skill level 11 in Axes
 10259 | D:10     | Entered Level 10 of the Dungeon
 10357 | D:10     | Reached XP level 11. HP: 90/101 MP: 10/10
 10591 | D:10     | Identified the +2 ring mail "Yqyam" {rPois rCorr Str-4
                  | Int+3}
 10593 | D:10     | Found a staircase to the Orcish Mines.
 10642 | D:10     | Reached ***** piety under Trog
 10741 | D:10     | Noticed a two-headed ogre
 10749 | D:10     | Killed a two-headed ogre
 10750 | D:10     | Reached skill level 12 in Axes
 11040 | D:10     | Found a shadowy altar of Dithmenos.
 11109 | D:10     | Found a staircase to the Lair.
 11569 | D:11     | Noticed duchin's ghost (journeyman HOGl)
 11594 | D:11     | Found a runed translucent gate.
 11594 | D:11     | Found a runed translucent gate.
 11594 | D:11     | Found a runed translucent gate.
 11661 | D:11     | Noticed a boulder beetle
 11689 | D:11     | Killed a boulder beetle
 11777 | D:11     | Noticed a two-headed ogre
 11786 | D:11     | Killed a two-headed ogre
 11824 | D:11     | Noticed Snorg
 11842 | D:11     | HP: 4/104 [Snorg (17)]
 11842 | D:11     | HP: 1/104 [Snorg (3)]
 11843 | D:11     | Slain by Snorg

Illustrated notes #+# #.# #.# #..#># #.##.# #.##.# #.##@# #.##.# #.##.# #..#'# . #....# #.#..# #.# #.#### #.#..# # .#.#.#.##########.#..#.# .....#^...........#..#.# ....∩.............#.... Turn 903 on D:2: D2 - shop

#.............#
#.............#
#.............#
#.............#
#.............#
#.............#
#.............#
#.............#
#...........@[#
########'##########
#.)........#
#.)........#
#..[.......#
#..........#
#....).....+
##.)..)....#
#.........#


Turn 4861 on D:5: chain mail of fire resistance

Levels and vault maps discovered:
D:1:      dpeg_arrival_lava_temple_mockup, layout_basic
D:2:      layout_basic, hellmonk_ecumenical_altar_arch_garden, serial_shops,
          nicolae_shop_hallway_stairs, basic_altar, minmay_misc_feat_cross,
          uniq_sigmund
D:3:      minmay_wonky_spiral, layout_basic, st_stairs_9
D:4:      layout_basic, grunt_temple_overflow_open, uniq_pikel
D:5:      kennysheep_steamy, layout_basic, minmay_temple_entry_ruins
D:6:      layout_loops_ring, nicolae_qazlal_eye_of_the_storm,
          gup_sewer_entry_bubbles, uniq_menkaure, uniq_duvessa
D:7:      layout_basic, nicolae_hepliaklqana_hippocampus,
          mainiacjoe_overflow_catwalk_spiral, nicolae_uskayaw_dance_hall,
          serial_corexii_hall, corexii_hall_statues_x, corexii_hall_statues_i,
          corexii_hall_statues_l, corexii_hall_statues_x,
          corexii_hall_statues_s, chequers_hall_statues_corner_a,
          minmay_misc_feat_room, serial_bayou_crossing
D:8:      layout_rooms, serial_bayou_ford_a, small_statue_intersection
D:9:      layout_basic, minmay_microvault
D:10:     layout_basic, mainiacjoe_overflow_24_doors, david_lair_shrubbed,
          zombieorc1_lemuel
D:11:     layout_long_grid, gammafunk_ghost_icy, uniq_snorg
Temple:   nicolae_temple_ecumenical_triangle

Skill      XL: |  1  2  3  4  5  6  7  8  9 10 11 |
---------------+----------------------------------+-----
Fighting       | 4 5 6 7 9 10 11 | 11.6
Axes           | 4 5 7 9 11 12 | 12.5
Armour         | 3 4 5 6 7 9 10 11 | 11.3
Throwing       | 1 3 5 7 |  7.4
Dodging        | 3 |  3.6

Action                   |  1- 3 |  4- 6 |  7- 9 | 10-12 || total
-------------------------+-------+-------+-------+-------++-------
Melee: Hand axe          |    86 |    64 |   286 |    66 ||   502
       Headbutt          |     9 |     5 |    50 |    58 ||   122
       Punch             |       |     1 |     1 |     5 ||     7
       War axe           |       |       |       |   198 ||   198
Throw: Stone             |    24 |     4 |    16 |    58 ||   102
       Dart              |    15 |       |    36 |       ||    51
       Boomerang         |       |       |    61 |    38 ||    99
       Throwing net      |       |       |       |     1 ||     1
Invok: Berserk           |     2 |     2 |     4 |     1 ||     9
       Trog's Hand       |       |       |     7 |     1 ||     8
       Brothers in Arms  |       |       |       |     1 ||     1
  Use: Scroll            |     7 |     4 |    12 |     5 ||    28
Armor: Ring mail         |    27 |    11 |       |       ||    38
       Plate armour      |       |    20 |   196 |   134 ||   350
       Steam dragon scal |       |       |    10 |     3 ||    13
Dodge: Dodged            |    49 |    15 |   144 |   103 ||   311
